 Dungeon Crawl Stone Soup version 0.31-a0-986-g5e6e4ef867 (webtiles) character file.

Game seed: 10045667494344841630

0 Hubris850 the Stinger (level 1, 0/15 HPs)
             Began as a Djinni Fire Elementalist on Nov 8, 2023.
             Frozen to death by an endoplasm (7 damage)
             ... on level 1 of the Dungeon.
             The game lasted 00:00:22 (19 turns).

Hubris850 the Stinger (Djinni Fire Elementalist)      Turns: 19, Time: 00:00:23

Health: 0/15       AC:  2    Str:  7    XL:     1   Next: 11%
Gold:   0          EV: 12    Int: 16    God:
                   SH:  0    Dex: 13

rFire   + + .        c - staff of air
rCold   x . .        (no shield)
rNeg    . . .        a - +0 robe
rPois   ∞            (no helmet)
rElec   +            (no cloak)
rCorr   .            (no gloves)
SInv    .            (boots unavailable)
Will    .....        (no amulet)
Stlth   ++           (no ring)
HPRegen 0.22/turn    (no ring)
MPRegen 0.00/turn

%: infuse magic (-1 HP)
@: flying
A: sickness immunity, fire resistance 2, cold vulnerability 1, float, innate
caster, HP casting, extra vitality 1
a: no special abilities


You were on level 1 of the Dungeon.
You visited 1 branch of the dungeon, and saw 1 of its levels.

Inventory:

Armour
 a - a +0 robe (worn)
Magical Staves
 c - a staff of air (weapon)
Scrolls
 b - a scroll of enchant weapon {unknown}


   Skills:
 + Level 2.1 Dodging
 + Level 1.5 Stealth
 + Level 3.0 Spellcasting
 + Level 3.0 Conjurations
 + Level 3.0 Hexes
 + Level 3.0 Summonings
 + Level 3.0 Necromancy
 + Level 3.0 Translocations
 + Level 3.0 Transmutations
 + Level 3.0 Fire Magic
 + Level 3.0 Ice Magic
 + Level 3.0 Air Magic
 + Level 3.0 Earth Magic
 + Level 3.0 Poison Magic


You knew the following spells:

 Your Spells              Type           Power      Damage    Failure   Level
a - Foxfire               Conj/Fire      48%        2x1d6     5%          1
b - Scorch                Fire           24%        2d6       9%          2
c - Volatile Blastmotes   Fire/Tloc      24%        2d12      16%         3
d - Inner Flame           Hex/Fire       12%        N/A       16%         3
e - Flame Wave            Conj/Fire      12%        2d6       47%         4
Your spell library was empty.

Dungeon Overview and Level Annotations

Branches:
Dungeon (1/15)

Altars:


Innate Abilities, Weirdness & Mutations

You are immune to sickness and miasma.
You are immune to poison.
Your flesh is very heat resistant. (rF++)
You are vulnerable to cold. (rC-)
You float through the air rather than walking.
You learn spells naturally, not from books.
Your magical power is your life essence.
You have superior vitality. (+4 MHP)


Message History

Welcome, Hubris850 the Djinni Fire Elementalist.
Are you destined to find the wondrous Orb of Zot, or to die trying?
Press ? for a list of commands and other information.
Found a scroll labelled SERIYBUMEI.
Found a staircase leading out of the dungeon.
You begin with the following spells memorised: Foxfire, Scorch, Volatile Blastmotes, Inner Flame, Flame Wave.
b - a scroll labelled SERIYBUMEI A rat comes into view.
You conjure some foxfire!
The foxfire hits the rat.
You kill the rat!
A quokka comes into view.
You see here a staff of air.
c - a staff of air
c - a staff of air (weapon)
An endoplasm comes into view.
The endoplasm quivers.
You closely miss the quokka. The quokka bites you.
You hit the quokka.
The quokka is electrocuted.
The quokka is almost dead.
The quokka closely misses you. The quokka barely misses you.
You hit the quokka but do no damage.
The quokka is severely wounded.
The endoplasm freezes you.
You are frozen.
The quokka barely misses you.
The endoplasm hits you but does no damage.
You conjure some foxfire!
The quokka bites you. The endoplasm freezes you.
You are frozen!
You feel a terrible chill!
You die...

#. .. #.. #.# #.##.# #
#..#.# .# #...# .#
#########..#######.#
...v...###.........##
................J...#
~~P...P~~~~~≈≈~P@.###
≈≈~...~~≈~~~~≈≈vvr......
≈≈~...~≈≈~~~~≈≈≈........
~~.....~~~≈~~~~P.#......
....<............#......
≈~.....~~~~~~~~P........
≈~~...~≈≈~~~~≈≈~........
≈≈≈...~~≈~~~~≈≈~.. .....
~~P...P≈~≈≈~~~~P


You could see an endoplasm (ally target) and a quokka (ally target).

Vanquished Creatures
  A rat (D:1)
1 creature vanquished.

Vanquished Creatures (others)
  A foxfire (D:1)
1 creature vanquished.

Grand Total: 2 creatures vanquished

Notes
Turn   | Place    | Note
-------+----------+-------------------------------------------
     0 | D:1      | Hubris850 the Djinni Fire Elementalist began the quest for
                  | the Orb.
     0 | D:1      | Hubris850 set off with the following spells memorised:
                  | Foxfire, Scorch, Volatile Blastmotes, Inner Flame, Flame
                  | Wave.
     0 | D:1      | Reached XP level 1. HP: 15/15 MP: 0/0
    19 | D:1      | Frozen to death by an endoplasm

Illustrated notes

Levels and vault maps discovered:
D:1:      giann_bridges, layout_rooms

Skill      XL: | |
---------------+-+-----
Spellcasting   | |  3.0
Conjurations   | |  3.0
Hexes          | |  3.0
Summonings     | |  3.0
Necromancy     | |  3.0
Translocations | |  3.0
Transmutations | |  3.0
Fire Magic     | |  3.0
Ice Magic      | |  3.0
Air Magic      | |  3.0
Earth Magic    | |  3.0
Poison Magic   | |  3.0
Dodging        | |  2.1
Stealth        | |  1.5

Action                     || total
---------------------------++-------
  Melee: Staff             ||     3
   Cast: Foxfire           ||     2
 Armour: Robe              ||     3
  Dodge: Dodged            ||     3

Table legend: (Time is in decaauts)
 A = Elapsed time spent in this place.
 B = Non-inter-level travel time spent in this place.
 C = Inter-level travel time spent in this place.
 D = Time resting spent in this place.
 E = Time spent auto-exploring this place.
 F = Levels seen in this place.
 G = Mean time per level.
                   A        B        C        D        E       F      G
               +--------+--------+--------+--------+--------+-----+--------+
         Total |     19 |     19 |      0 |      0 |      4 |   1 |   19.0 |
       Dungeon |     19 |     19 |      0 |      0 |      4 |   1 |   19.0 |
               +--------+--------+--------+--------+--------+-----+--------+

Top non-repeatable levels by time:
     D:1: 19 daAuts
